 Dungeon Crawl Stone Soup version 0.17.0-23-g0de4337 (webtiles) character file.

130 kosy22 the Ducker (level 4, -2/44 HPs)
             Began as a Troll Fighter on Nov 14, 2015.
             Was an Initiate of Nemelex Xobeh.
             Slain by a hippogriff (8 damage)
             ... on level 3 of the Dungeon.
             The game lasted 00:04:37 (1958 turns).

kosy22 the Ducker (Troll Fighter)                   Turns: 1958, Time: 00:04:38

Health: -2/44      AC:  5    Str: 25    XL:     4   Next: 90%
Magic:  3/3        EV:  8    Int:  4    God:    Nemelex Xobeh [......]
Gold:   108        SH:  9    Dex:  9    Spells: 0 memorised, 3 levels left

rFire  . . .     SeeInvis .       - Unarmed
rCold  . . .     Clarity  .     a - +0 robe
rNeg   . . .     SustAt   .     b - +0 shield
rPois  .         Gourm    +     (helmet restricted)
rElec  .         Spirit   .     (no cloak)
rCorr  .         Warding  .     (gloves unavailable)
rMut   .         Stasis   .     (boots unavailable)
MR     .....                    (no amulet)
Stlth  +.........               (no ring)
                                (no ring)

@: not resistant to hostile enchantments, very unstealthy
A: unfitting armour, claws 3, fast metabolism 3, gourmand, regeneration 2,
shaggy fur 1, tough skin 2
a: Renounce Religion


You were on level 3 of the Dungeon.
You worshipped Nemelex Xobeh.
Nemelex Xobeh was noncommittal.
You were very full.

You visited 1 branch of the dungeon, and saw 4 of its levels.

You collected 108 gold pieces.

Inventory:

Hand Weapons
 q - a +1 flail of draining
Missiles
 f - 34 poisoned needles
Armour
 a - a +0 robe (worn)
 b - a +0 shield (worn)
Jewellery
 k - an uncursed amulet of clarity {unknown}
 p - an uncursed ring of protection from fire {unknown}
Scrolls
 n - a scroll of fear
 o - 2 scrolls of remove curse
Potions
 c - a potion of might
 e - a potion of haste {unknown}
 g - 2 potions of curing {unknown}
 i - 2 potions of agility {unknown}
 l - a potion of resistance {unknown}
 m - a potion of cancellation {unknown}
Miscellaneous
 h - a plain deck of escape {drawn: 3}
Comestibles
 d - 4 bread rations
 j - 2 meat rations


   Skills:
 + Level 2.7 Fighting
 + Level 3.5 Dodging
 + Level 3.2 Shields
 + Level 2.6 Unarmed Combat


You had 3 spell levels left.
You didn't know any spells.

Dungeon Overview and Level Annotations

Branches:
Dungeon (4/15)             Temple (0/1) D:4

Altars:
Nemelex Xobeh


Innate Abilities, Weirdness & Mutations

You are too large for most types of armour.
You have claws for hands.
Your metabolism is lightning-fast.
You like to eat raw meat.
You heal very quickly.
You are covered in fur (AC +1).
You have very tough skin (AC +2).


Message History

* * * LOW HITPOINT WARNING * * *
Found a hand axe.
A hobgoblin comes into view. It is wielding a club.
The hobgoblin shouts!
The hobgoblin moves out of view.
Found 17 arrows.
Evoke which item? (* to show all) (? for menu, Esc to quit)
You draw a card...
It is Warpwright.
You scratch the hobgoblin but do no damage.
You block the hobgoblin's attack.
You barely miss the hobgoblin. You block the hobgoblin's attack.
You claw the hobgoblin!
You kill the hobgoblin!
The hippogriff bites you but does no damage.
The hippogriff pecks you.
* * * LOW HITPOINT WARNING * * *
The hippogriff claws you but does no damage.
The hippogriff bites you!
You die...
Your body disappears without a glow.

# ..# #####.....
#)@)..(... #H###..... ..
#s# ..# .. #.# # .#
###.### .# ##.....# .#
##..#.#.###### .# #
##.............##.##.##.
##......#................


You could see a hippogriff and a giant cockroach.

Vanquished Creatures
  2 orc wizards (D:3)
  2 adders
  An ooze (D:3)
  2 giant geckos
  3 orcs (D:3)
  6 goblins
  7 hobgoblins
  7 kobolds
  9 bats
  3 giant cockroaches
  2 giant newts (D:2)
  2 jackals (D:1)
  7 rats
53 creatures vanquished.

Notes
Turn   | Place    | Note
--------------------------------------------------------------
     0 | D:1      | kosy22 the Troll Fighter began the quest for the Orb.
     0 | D:1      | Reached XP level 1. HP: 22/22 MP: 0/0
   231 | D:1      | Reached XP level 2. HP: 29/29 MP: 1/1
   925 | D:2      | Reached XP level 3. HP: 36/36 MP: 2/2
  1228 | D:2      | Reached skill level 3 in Dodging
  1252 | D:2      | Found a sparkling altar of Nemelex Xobeh.
  1260 | D:2      | Became a worshipper of Nemelex Xobeh the Trickster
  1442 | D:2      | You fall through a shaft for 2 floors!
  1622 | D:3      | Received a gift from Nemelex Xobeh
  1733 | D:3      | Reached XP level 4. HP: 31/44 MP: 3/3
  1927 | D:3      | Noticed a hippogriff
  1958 | D:3      | Slain by a hippogriff

Action                   |  1- 3 |  4- 6 || total
-------------------------+-------+-------++-------
Melee: Unarmed           |   148 |    44 ||   192
Evoke: Deck              |       |     3 ||     3
  Use: Scroll            |     7 |       ||     7
  Eat: Chunk             |     4 |     8 ||    12
       Bread ration      |     2 |       ||     2
       Fruit             |     1 |       ||     1
